 Dungeon Crawl Stone Soup version 0.20.0-10-g0535bb4 (webtiles) character file.

547 Soyweiser the Poker (level 7, -3/45 HPs)
             Began as a Merfolk Skald on June 5, 2017.
             Was an Initiate of Hepliaklqana.
             Slain by a two-headed ogre
             ... wielding a +0 giant club
              (17 damage)
             ... on level 6 of the Dungeon.
             The game lasted 00:24:22 (5256 turns).

Soyweiser the Poker (Merfolk Skald)                 Turns: 5256, Time: 00:24:23

Health: -3/45      AC: 11    Str: 14    XL:     7   Next: 28%
Magic:  11/11      EV:  7    Int: 12    God:    Hepliaklqana [......]
Gold:   127        SH:  0    Dex: 13    Spells: 4/12 levels left

rFire    . . .     SeeInvis .   q - +0 spear
rCold    . . .     Gourm    .   (no shield)
rNeg     . . .     Faith    .   C - +0 chain mail (curse)
rPois    .         Spirit   .   l - +1 helmet
rElec    .         Reflect  .   (no cloak)
rCorr    .         Harm     .   z - +0 pair of gloves
MR       .....                  (no boots)
Stlth    ..........             (no amulet)
Regen    0.2/turn               (no ring)
MPRegen  0.2/turn               (no ring)

@: no status effects
A: change form in water, swift swim, stealthy swim, reduced essence
a: Recall Ancestor, Ancestor Identity, Renounce Religion


You were on level 6 of the Dungeon.
You worshipped Hepliaklqana.
Hepliaklqana was noncommittal.
You were not hungry.

You visited 2 branches of the dungeon, and saw 7 of its levels.

You collected 127 gold pieces.

Inventory:

Hand Weapons
 q - a +0 spear (weapon)
Missiles
 f - 71 stones (quivered)
Armour
 b - a +0 leather armour
 l - a +1 helmet (worn)
 p - a +0 leather armour
 z - a +0 pair of gloves (worn)
 C - a cursed +0 chain mail (worn)
Wands
 n - a wand of flame (16/48)
Scrolls
 j - a scroll of teleportation
 t - a scroll of identify {unknown}
 u - a scroll of remove curse {unknown}
 y - a scroll of noise {unknown}
Potions
 a - a potion of magic {unknown}
 e - a potion of degeneration {unknown}
 i - 2 potions of brilliance {unknown}
 k - 2 potions of curing {unknown}
 m - a potion of berserk rage {unknown}
 w - a potion of agility {unknown}
 A - a potion of might {unknown}
 B - 2 potions of haste {unknown}
Books
 c - a book of Battle

   Spells                             Type                      Level
   a - Infusion                       Charms                       1
   b - Shroud of Golubria             Charms/Translocation         2
   c - Song of Slaying                Charms                       2
   d - Spectral Weapon                Hexes/Charms                 3
   e - Regeneration                   Charms/Necromancy            3
 s - a book of Minor Magic

   Spells                             Type                      Level
   a - Magic Dart                     Conjuration                  1
   b - Blink                          Translocation                2
   c - Call Imp                       Summoning                    2
   d - Slow                           Hexes                        2
   e - Conjure Flame                  Conjuration/Fire             3
   f - Mephitic Cloud                 Conjuration/Poison/Air       3
Comestibles
 d - 2 bread rations
 g - 7 fruits
 o - a meat ration
 v - 5 royal jellies


   Skills:
 - Level 2.1 Fighting
 * Level 6.8 Polearms
 - Level 0.6 Armour
 - Level 2.6 Dodging
 + Level 3.1 Spellcasting
 * Level 5.6 Charms
 + Level 1.4 Necromancy
 + Level 2.0 Translocations


You had 4 spell levels left.
You knew the following spells:

 Your Spells              Type           Power        Failure   Level  Hunger
a - Infusion              Chrm           ###.         56%         1    #......
b - Shroud of Golubria    Chrm/Tloc      ##........   92%         2    ###....
c - Regeneration          Chrm/Necr      ##........   99%         3    ###....
d - Blink                 Tloc           N/A          99%         2    ###....


Dungeon Overview and Level Annotations

Branches:
Dungeon (6/15)             Temple (1/1) D:4

Altars:
Dithmenos
Fedhas
Gozag
Hepliaklqana
Kikubaaqudgha
Makhleb
Okawaru
Qazlal
Ru
Sif Muna
Trog
Vehumet
The Shining One

Shops:
D:6 :

Annotations:
D:2 Sigmund


Message History

There is an open door here.
Attack whom?
Press: ? - help, Dir - move target cursor, f - two-headed ogre
Aim: a two-headed ogre, wielding a giant club and a giant spiked club (lightly wounded)
You could not reach far enough!
Lucius hits the two-headed ogre.
The two-headed ogre closely misses Lucius.
The two-headed ogre hits Lucius with a giant spiked club!!
Lucius is destroyed!
There is an open door here.
You hit the two-headed ogre.
The two-headed ogre is moderately wounded.
The two-headed ogre hits you with a giant club.
The two-headed ogre hits you with a giant spiked club!
You hit the two-headed ogre.
The two-headed ogre is moderately wounded.
You hit the two-headed ogre.
The two-headed ogre is moderately wounded.
The two-headed ogre hits you with a giant club!
The two-headed ogre hits you with a giant spiked club!
You die...

##.....##
##.......##
#.........#
+.........+
#.........#
#.......#
#.....# #.O.#
##@## #.# #.#
##.## ##...##
#.....# ##
##...#.....
##.####.##.####
...[.......#


You could see a two-headed ogre.

Vanquished Creatures
  An ogre (D:4)
  A scorpion (D:3)
  An orc priest (D:3)
  A hound (D:4)
  A jelly (D:3)
  An orc wizard (D:4)
  An iguana (D:6)
  A worker ant (D:4)
  4 gnolls
  An adder (D:3)
  An ooze (D:4)
  A worm (D:3)
  4 dart slugs
  5 leopard geckos
  5 orcs
  11 bats
  3 giant cockroaches
  4 goblins
  5 hobgoblins
  A quokka (D:1)
  2 frilled lizards (D:1)
  12 kobolds
  A leopard gecko skeleton (D:4)
  3 rats
71 creatures vanquished.

Vanquished Creatures (collateral kills)
  A bullfrog (D:6)
  A hound (D:6)
  A worker ant (D:6)
  An orc (D:4)
4 creatures vanquished.

Vanquished Creatures (others)
  3 ancestors
3 creatures vanquished.

Grand Total: 78 creatures vanquished

Notes
Turn   | Place    | Note
-------+----------+-------------------------------------------
     0 | D:1      | Soyweiser the Merfolk Skald began the quest for the Orb.
     0 | D:1      | Reached XP level 1. HP: 16/16 MP: 3/3
   274 | D:1      | Reached XP level 2. HP: 22/22 MP: 5/5
   292 | D:1      | Learned a level 2 spell: Shroud of Golubria
  1186 | D:1      | Reached XP level 3. HP: 27/27 MP: 6/6
  1306 | D:1      | Reached skill level 4 in Polearms
  2090 | D:1      | Reached XP level 4. HP: 25/33 MP: 1/7
  2462 | D:2      | Noticed Sigmund
  2735 | D:3      | Learned a level 3 spell: Regeneration
  2802 | D:3      | Reached skill level 1 in Translocations
  3066 | D:3      | Reached skill level 5 in Polearms
  3066 | D:3      | Reached XP level 5. HP: 21/38 MP: 0/8
  3210 | D:3      | Learned a level 2 spell: Blink
  3709 | D:3      | Reached XP level 6. HP: 4/44 MP: 1/10
  3721 | D:3      | HP: 2/44 [poisoned by a scorpion]
  4125 | D:5      | Entered Level 5 of the Dungeon
  4161 | D:4      | Found a staircase to the Ecumenical Temple.
  4174 | Temple   | Entered the Ecumenical Temple
  4308 | Temple   | Became a worshipper of Hepliaklqana the Forgotten
  4440 | D:4      | Reached skill level 5 in Charms
  4522 | D:4      | Reached skill level 6 in Polearms
  4577 | D:4      | Reached skill level 1 in Necromancy
  4816 | D:6      | Found Wuggioxzyeh's Book Shop.
  4926 | D:6      | Reached XP level 7. HP: 29/45 MP: 8/11
  5245 | D:6      | Noticed a two-headed ogre
  5256 | D:6      | Slain by a two-headed ogre

Skill      XL: |  1  2  3  4  5  6  7 |
---------------+----------------------+-----
Polearms       | 4 5 6 |  6.8
Charms         | 4 5 |  5.6
Translocations | 1 2 |  2.0
Spellcasting   | 3 |  3.1
Necromancy     | 1 |  1.4
Fighting       | |  2.1
Armour         | |  0.6
Dodging        | |  2.6

Action                   |  1- 3 |  4- 6 |  7- 9 || total
-------------------------+-------+-------+-------++-------
Melee: Spear             |   138 |   214 |    15 ||   367
Throw: Stone             |     5 |     7 |       ||    12
 Cast: Shroud of Golubri |     2 |    10 |       ||    12
       Infusion          |     2 |     9 |       ||    11
       Regeneration      |       |     1 |       ||     1
Invok: Recall Ancestor   |       |     1 |       ||     1
       Ancestor Identity |       |     1 |       ||     1
Evoke: Wand              |       |     4 |       ||     4
  Use: Scroll            |       |     4 |       ||     4
 Stab: Sleeping          |     2 |       |       ||     2
  Eat: Fruit             |     1 |     2 |       ||     3
       Chunk             |     3 |     8 |     2 ||    13
Armor: Leather armour    |    25 |    41 |       ||    66
       Chain mail        |       |     8 |     8 ||    16
Dodge: Dodged            |    72 |    89 |     5 ||   166
